 Dungeon Crawl Stone Soup version 0.30.0-19-g36f170ea60 (webtiles) character file.

Game seed: 7826200141597120847

1920 bmack86 the Cleaver (level 8, 0/96 HPs)
             Began as a Minotaur Fighter on May 28, 2023.
             Was an Initiate of Gozag.
             Slain by a troll (8 damage)
             ... on level 7 of the Dungeon.
             The game lasted 00:13:43 (4595 turns).

bmack86 the Cleaver (Minotaur Fighter)              Turns: 4595, Time: 00:13:44

Health: 0/96       AC: 24    Str: 22    XL:     8   Next: 95%
Magic:  7/7        EV:  2    Int:  5    God:    Gozag
Gold:   300        SH:  4    Dex: 11    Spells: 7/7 levels left

rFire   . . .        a - +0 war axe (heavy)
rCold   . . .        c - +0 buckler
rNeg    . . .        k - melded +0 plate armour
rPois   +            (helmet currently unavailable)
rElec   .            (cloak currently unavailable)
rCorr   .            (gloves currently unavailable)
SInv    .            t - melded +2 pair of boots
Will    .....        (no amulet)
Stlth   +            (no ring)
HPRegen 0.36/turn    (no ring)
MPRegen 0.10/turn

%: no passive effects
@: mighty, tree-form (expiring)
A: stationary, stasis, torment immunity, boosted hp, (horns 2), (retaliatory
headbutt)
a: Renounce Religion, Potion Petition, Call Merchant, Bribe Branch


You were on level 7 of the Dungeon.
You worshipped Gozag.
Gozag was aware of your devotion.
You were a tree.
You visited 2 branches of the dungeon, and saw 8 of its levels.

You collected 384 gold pieces.
You paid 84 gold pieces to Gozag.

Inventory:

Hand Weapons
 a - a +0 heavy war axe (weapon)
Missiles
 u - 4 boomerangs (quivered)
Armour
 b - a +0 scale mail
 c - a +0 buckler (worn)
 k - a +0 plate armour (melded)
 t - a +2 pair of boots (melded)
Jewellery
 r - a ring of protection from cold
Scrolls
 e - 2 scrolls of fog
 f - a scroll of magic mapping
 l - a scroll of enchant armour
 m - 2 scrolls of poison
Potions
 h - 5 potions of curing
 i - 2 potions of flight
 v - a potion of resistance
 w - 2 potions of attraction
 x - a potion of mutation {unknown}


   Skills:
 - Level 3.6 Fighting
 + Level 13.9 Axes
 - Level 3.6 Armour
 - Level 3.6 Shields


You had 7 spell levels left.
You didn't know any spells.
Your spell library contained the following spells:

 Spells                   Type           Power      Damage    Failure   Level
 Sandblast                Erth           0%         2d4       54%         1
 Blink                    Tloc           0%         N/A       69%         2
 Lesser Beckoning         Tloc           0%         N/A       69%         2
 Momentum Strike          Conj/Tloc      0%         3d8       69%         2
 Passwall                 Tmut/Erth      0%         N/A       69%         2
 Stone Arrow              Conj/Erth      0%         3d7       89%         3


Dungeon Overview and Level Annotations

Branches:
Dungeon (7/15)             Temple (1/1) D:6

Altars:
Ashenzari
Cheibriados
Dithmenos
Elyvilon
Fedhas
Gozag
Hepliaklqana
Kikubaaqudgha
Makhleb
Nemelex Xobeh
Qazlal
Ru
Sif Muna
Trog
Uskayaw
Vehumet
Xom
Yredelemnul
Zin
The Shining One

Shops:
D:5 :


Innate Abilities, Weirdness & Mutations

You are a tree.
Your roots penetrate the ground, keeping you stationary.
You cannot be teleported.
You are immune to unholy pain and torment.
Your maximum health is greatly increased.
Your equipment is partially melded.
((You have a pair of horns on your head.))
((You reflexively headbutt those who attack you in melee.))


Message History

You feel sick. The steam dragon bites you.
The steam dragon claws you but does no damage.
You slice the steam dragon!!
You kill the steam dragon!
You feel sick.
You are no longer poisoned.
The kobold throws a stone.
You block the stone.
The gnoll sergeant is distracted by your dazzling golden aura.
You barely miss the troll.
The gnoll sergeant is no longer distracted by gold.
The troll bites you!
* * * LOW HITPOINT WARNING * * *
The troll claws you but does no damage. You block the troll's attack.
The kobold throws a stone.
The stone hits you but does no damage.
You barely miss the troll. The troll bites you but does no damage.
The troll claws you but does no damage. x2
The gnoll sergeant hits you from afar with a +0 spear.
* * * LOW HITPOINT WARNING * * *
The orc wizard is distracted by your dazzling golden aura.
The troll bites you but does no damage. The troll claws you but does no damage.
The troll claws you.
* * * LOW HITPOINT WARNING * * *
The gnoll sergeant is distracted by your dazzling golden aura.
The gnoll sergeant shouts!
The orc wizard shouts!
You slice the troll!!
The troll is severely wounded.
The troll bites you!
* * * LOW HITPOINT WARNING * * *
The troll claws you but does no damage. x2
You closely miss the troll.
The troll is heavily wounded.
You block the troll's attack.
The troll claws you but does no damage. x2
You slash the troll!
The troll is almost dead.
Your transformation is almost over.
The gnoll sergeant is no longer distracted by gold.
The orc wizard is no longer distracted by gold.
The troll bites you but does no damage. The troll claws you!
You die...
Your body crumbles into a pile of gold.

.#. #.. ..T #.# .o
#.# g. #.###D #Ko..
#######g#.#
##...##$$#$###
##.....♣T.$$..#
#####........$###.#
######.....!.......#
#.#
#..................#
#.#
#.####.####.....##.#
#.# #.# #....#...#
#.# #(# #.#.##.###
#.# ####.####.#.##.#
#.# #.......#.#.##.#
#.#


You could see a troll, a gnoll sergeant, an orc wizard and a kobold.

Vanquished Creatures
  Grinder (D:6)
  A wyvern (D:4)
  A steam dragon (D:7)
  An acid dragon (D:7)
  An ice beast (D:5)
  2 ogres
  2 kobold brigands (D:7)
  A bullfrog (D:7)
  4 scorpions
  A howler monkey (D:6)
  3 jellies
  2 orc priests (D:5)
  A gnoll bouda (D:6)
  A hound (D:6)
  5 iguanas
  2 sleepcaps
  6 adders
  4 gnolls (D:6)
  A shadow imp (D:6)
  A white imp (D:6)
  2 ufetubi
  2 worms
  5 dart slugs
  11 orcs
  4 ball pythons
  8 endoplasms
  4 giant cockroaches
  3 goblins
  5 hobgoblins
  6 jackals
  15 kobolds
  3 quokkas
  3 bats
  5 frilled lizards
  8 rats
125 creatures vanquished.

Notes
Turn   | Place    | Note
-------+----------+-------------------------------------------
     0 | D:1      | bmack86 the Minotaur Fighter began the quest for the Orb.
     0 | D:1      | Reached XP level 1. HP: 19/19 MP: 0/0
    88 | D:1      | Reached skill level 3 in Axes
   102 | D:1      | Reached XP level 2. HP: 22/26 MP: 1/1
   307 | D:1      | Reached skill level 4 in Axes
   410 | D:1      | Reached XP level 3. HP: 31/31 MP: 2/2
   894 | D:2      | Reached skill level 5 in Axes
  1192 | D:3      | Reached XP level 4. HP: 26/36 MP: 3/3
  1302 | D:3      | Identified the +1 robe of the Harvest Moon {Dex+3}
  1636 | D:3      | Found a faded altar of an unknown god.
  1759 | D:4      | Reached skill level 6 in Axes
  1809 | D:4      | Noticed an ogre
  1810 | D:4      | Noticed a wyvern
  1814 | D:4      | Killed an ogre
  1815 | D:4      | Reached skill level 7 in Axes
  1815 | D:4      | Reached XP level 5. HP: 30/45 MP: 4/4
  1818 | D:4      | Killed a wyvern
  1819 | D:4      | Reached skill level 8 in Axes
  1819 | D:4      | Reached XP level 6. HP: 19/51 MP: 5/5
  2618 | D:5      | Entered Level 5 of the Dungeon
  2627 | D:5      | Reached skill level 9 in Axes
  2673 | D:5      | Reached XP level 7. HP: 31/57 MP: 6/6
  2879 | D:5      | Found Ilunoasa's Self-Improvement Boutique.
  2923 | D:5      | Found the +7 Throatcutter {drain, coup de grace}
  2970 | D:5      | Found a radiant altar of Vehumet.
  2982 | D:5      | Found a hazy altar of Hepliaklqana.
  3055 | D:5      | Reached skill level 10 in Axes
  3076 | D:5      | Found a sacrificial altar of Ru.
  3087 | D:5      | Found a stormy altar of Qazlal.
  3088 | D:5      | Found a glowing golden altar of the Shining One.
  3521 | D:6      | Found a sparkling altar of Nemelex Xobeh.
  3686 | D:6      | Reached skill level 11 in Axes
  3753 | D:6      | Found a staircase to the Ecumenical Temple.
  3757 | D:6      | Noticed Grinder
  3762 | D:6      | Paralysed by Grinder for 2 turns
  3780 | Temple   | Entered the Ecumenical Temple
  3819 | Temple   | Became a worshipper of Gozag Ym Sagoz the Greedy
  3893 | D:6      | Paralysed by Grinder for 5 turns
  3903 | D:6      | Killed Grinder
  3904 | D:6      | Reached XP level 8. HP: 64/64 MP: 7/7
  3941 | D:6      | Reached skill level 12 in Axes
  4565 | D:7      | Identified the +6 chain mail "Seketsezo" {Dex+2}
  4571 | D:7      | Reached skill level 13 in Axes
  4572 | D:7      | Noticed a troll
  4580 | D:7      | HP: 1/64 [kobold brigand/+2 dagger of distortion (3)]
  4595 | D:7      | Slain by a troll

Illustrated notes

Levels and vault maps discovered:
D:1:      shiori_arrival_oz, layout_basic, kennysheep_boxes
D:2:      layout_basic
D:3:      layout_rooms, shapermc_ecumenical_altar_notcrosses,
          minmay_fountain_box
D:4:      layout_basic
D:5:      layout_basic, mainiacjoe_overflow_catwalk_spiral,
          nicolae_ru_path_of_blood, nicolae_overflow_squiral,
          grunt_decor_clamped, nicolae_shop_self_help
D:6:      layout_basic, mainiacjoe_overflow_cross_hatched,
          minmay_temple_entry_mini_moons, uniq_grinder
D:7:      layout_loops_ring, okawaru_trees_1, grunt_ministairs_3,
          minmay_chambers_of_fives
Temple:   nicolae_temple_superstar

Skill      XL: |  1  2  3  4  5  6  7  8 |
---------------+-------------------------+-----
Axes           | 3 4 5 7 8 9 11 13 | 13.9
Fighting       | |  3.6
Armour         | |  3.6
Shields        | |  3.6

Action                     |  1- 3 |  4- 6 |  7- 9 || total
---------------------------+-------+-------+-------++-------
  Melee: War axe           |    85 |    61 |   124 ||   270
         Headbutt          |    11 |    12 |    23 ||    46
  Throw: Boomerang         |       |     7 |     9 ||    16
    Use: Scroll            |       |     5 |    12 ||    17
         Potion            |       |       |     4 ||     4
 Armour: Scale mail        |    25 |       |       ||    25
         Plate armour      |    34 |    44 |    68 ||   146
         Skin              |       |       |    18 ||    18
  Dodge: Dodged            |    58 |    29 |    26 ||   113
  Block: Buckler           |    24 |    14 |    25 ||    63
